 Dungeon Crawl Stone Soup version 0.27-a0-795-ge5c3fa52fd (webtiles) character file.

Game seed: 15440833655173922449

4693 Bapho the Grappler (level 10, -6/88 HPs)
             Began as a Troll Monk on Mar 27, 2021.
             Was a Believer of Wu Jian.
             Mangled by a shadow (31 damage)
             ... on level 9 of the Dungeon.
             The game lasted 00:13:39 (6319 turns).

Bapho the Grappler (Troll Monk)                     Turns: 6319, Time: 00:13:39

Health: -6/88      AC: 11    Str: 27    XL:     10   Next: 21%
Magic:  9/9        EV:  9    Int:  2    God:    Wu Jian [**....]
Gold:   143        SH:  5    Dex: 15    Spells: 9/9 levels left

rFire    . . .     SeeInvis .     - Unarmed
rCold    . . .     Faith    .   (no shield)
rNeg     . . .     Spirit   .   F - +0 swamp dragon scales
rPois    +         Reflect  +   (helmet restricted)
rElec    +         Harm     .   J - +1 cloak "Wyahiug" {rElec Str+3 Int-4 Dex+3}
rCorr    .         Rampage  .   (gloves unavailable)
Will     .....                  (boots unavailable)
Stlth    +.........             d - amulet of reflection
HPRegen  1.24/turn              (no ring)
MPRegen  0.11/turn              (no ring)

@: no status effects
A: large, unfitting armour, claws 3, regeneration 1, shaggy fur 1, tough skin 1
a: Renounce Religion, Wall Jump


You were on level 9 of the Dungeon.
You worshipped Wu Jian.
Wu Jian was pleased with you.
You visited 2 branches of the dungeon, and saw 10 of its levels.

You collected 418 gold pieces.
You spent 275 gold pieces at shops.

Inventory:

Missiles
 b - 278 stones
 h - 3 curare-tipped darts
 w - 7 poisoned darts
 x - 7 javelins
 y - 15 boomerangs (quivered)
Armour
 a - a +0 robe
 o - a +0 buckler
 E - +0 steam dragon scales
 F - +0 swamp dragon scales (worn)
 J - the +1 cloak "Wyahiug" (worn) {rElec Str+3 Int-4 Dex+3}
   (You bought it in a shop on level 9 of the Dungeon)

   It affects your strength (+3).
   It affects your intelligence (-4).
   It affects your dexterity (+3).
   It insulates you from electricity.
Jewellery
 d - an amulet of reflection (around neck)
 e - an amulet of guardian spirit
 p - a ring of ice
 I - a ring of magical power
Wands
 v - a wand of acid (20)
 B - a wand of flame (19)
 C - a wand of iceblast (6)
Scrolls
 i - 2 scrolls of teleportation
 j - a scroll of vulnerability {unknown}
 q - 2 scrolls of blinking {unknown}
 r - 2 scrolls of fear
 t - 2 scrolls of enchant armour {unknown}
 u - a scroll of immolation {unknown}
 D - 4 scrolls of amnesia {unknown}
 H - a scroll of identify
Potions
 c - 2 potions of haste
 f - a potion of mutation
 g - 3 potions of might
 k - 5 potions of flight
 l - a potion of curing
 m - a potion of brilliance
 n - 2 potions of cancellation
 s - a potion of heal wounds {unknown}
 z - a potion of lignification {unknown}
 A - a potion of degeneration {unknown}
 G - a potion of experience {unknown}


   Skills:
 - Level 2.4 Fighting
 - Level 2.4 Dodging
 - Level 1.0 Stealth
 + Level 14.5 Unarmed Combat


You had 9 spell levels left.
You didn't know any spells.
Your spell library contained the following spells:

 Spells                   Type           Power      Damage    Failure   Level
 Animate Skeleton         Necr           0%         N/A       69%         1
 Apportation              Tloc           0%         N/A       69%         1
 Corona                   Hex            0%         N/A       69%         1
 Summon Small Mammal      Summ           0%         N/A       69%         1
 Animate Dead             Necr           0%         N/A       100%        4
 Borgnjor's Vile Clutch   Necr/Erth      0%         N/A       100%        5
 Death Channel            Necr           0%         N/A       100%        6
 Simulacrum               Ice/Necr       0%         N/A       100%        6


Dungeon Overview and Level Annotations

Branches:
Dungeon (9/15)             Temple (1/1) D:7            Lair (0/6) D:9
    Orc: D:9-12

Altars:
Ashenzari
Cheibriados
Dithmenos
Elyvilon
Fedhas
Gozag
Hepliaklqana
Kikubaaqudgha
Nemelex Xobeh
Okawaru
Qazlal
Ru
Sif Muna
Trog
Uskayaw
Vehumet
Wu Jian
Xom
Yredelemnul
Zin
The Shining One

Shops:
D:1 [   D:9 [[


Innate Abilities, Weirdness & Mutations

You are too large for most types of armour.
You have claws for hands.
Your natural rate of healing is unusually fast.
You are covered in fur. (AC +1)
You have tough skin. (AC +1)


Message History

The black bear claws you but does no damage.
The basilisk gazes at you. The elephant tramples you!
* * * LOW HITPOINT WARNING * * *
You hold your ground!
The elephant trunk-slaps you but does no damage.
The black bear bites you but does no damage.
The black bear claws you but does no damage. x2
The basilisk gazes at you. You resist with some effort.
The elephant tramples you!
* * * LOW HITPOINT WARNING * * *
You hold your ground!
The elephant trunk-slaps you but does no damage.
The black bear bites you but does no damage.
The black bear claws you but does no damage. x2
The basilisk gazes at you. You resist with some effort.
The elephant tramples you but does no damage.
The elephant trunk-slaps you but does no damage.
The black bear bites you but does no damage.
The black bear claws you but does no damage. x2
The basilisk gazes at you. You resist with some effort.
The elephant tramples you but does no damage.
The elephant trunk-slaps you.
* * * LOW HITPOINT WARNING * * *
The black bear bites you but does no damage.
The black bear claws you.
* * * LOW HITPOINT WARNING * * *
The black bear claws you.
* * * LOW HITPOINT WARNING * * *
The basilisk gazes at you. You resist with some effort.
You turn to flesh and can move again.
As you read the scroll of fear, it crumbles to dust.
You assume a fearsome visage.
The black bear looks frightened!
The elephant looks frightened!
The basilisk looks frightened!
The shadow strikes at you from the darkness!
You die...

##. ...##.. #..##..#..# #.
###...#..#..# .##
.............#### ...#
....................... .....
...............Y.## ##.....
#............h....####.......
........#.......#..##........
........###.....@>...........
.......###....###l#.......>..
........#.....###............
........)..##.⌠.⌠...#........
##...###...#...∩....##.......
##.## #......⌠.⌠...# ##.....
#..# ##..>.##........ .....
#..# #..(........##....##..
.###.# #..........## #...


You could see an elephant (fleeing), a basilisk (fleeing) and a black bear
(fleeing).

Vanquished Creatures
  Pikel (D:8)
  Maurice (D:8)
  Maggie (D:8)
  A hornet (D:7)
  A shadow (D:9)
  A wyvern (D:9)
  A steam dragon (D:7)
  Grum (D:8)
  A water moccasin (D:5)
  2 sky beasts (D:6)
  A necrophage (D:5)
  3 ogres
  4 wolves (D:8)
  2 centaurs
  A kobold brigand (D:6)
  A bullfrog (D:6)
  A wyvern skeleton (D:5)
  2 scorpions
  A water moccasin skeleton (D:5)
  3 killer bees (D:8)
  A bullfrog zombie (D:6)
  4 centaur zombies
  3 jellies
  4 hounds
  2 orc priests
  A gnoll shaman (D:5)
  3 centaur skeletons (D:6)
  Jessica (D:3)
  3 iguanas
  5 orc wizards
  9 gnolls
  2 adders
  3 dart slugs
  22 orcs
  3 bats
  5 endoplasms
  A giant cockroach (D:3)
  6 goblins
  5 hobgoblins
  5 jackals (D:2)
  3 quokkas
  8 ball pythons
  3 frilled lizards
  9 kobolds
  6 rats
147 creatures vanquished.

Vanquished Creatures (others)
  2 plants (D:9)
2 creatures vanquished.

Grand Total: 149 creatures vanquished

Notes
Turn   | Place    | Note
-------+----------+-------------------------------------------
     0 | D:1      | Bapho the Troll Monk began the quest for the Orb.
     0 | D:1      | Reached XP level 1. HP: 22/22 MP: 0/0
     8 | D:1      | Found Ihaor's Armour Shop.
   172 | D:1      | Reached XP level 2. HP: 26/29 MP: 1/1
   520 | D:1      | Reached skill level 4 in Unarmed Combat
   855 | D:2      | Reached XP level 3. HP: 36/36 MP: 2/2
   882 | D:2      | You fall into a shaft and drop 1 floor!
   912 | D:3      | Reached XP level 4. HP: 40/44 MP: 3/3
  1037 | D:3      | Reached skill level 5 in Unarmed Combat
  1416 | D:3      | Noticed Jessica
  1423 | D:3      | Killed Jessica
  1424 | D:3      | Reached XP level 5. HP: 44/50 MP: 4/4
  1654 | D:3      | Reached skill level 6 in Unarmed Combat
  1890 | D:4      | Noticed a centaur
  1896 | D:4      | Killed a centaur
  1897 | D:4      | Reached skill level 7 in Unarmed Combat
  1897 | D:4      | Reached XP level 6. HP: 23/59 MP: 5/5
  2077 | D:4      | Reached skill level 8 in Unarmed Combat
  2077 | D:4      | Reached XP level 7. HP: 66/66 MP: 6/6
  2336 | D:5      | Entered Level 5 of the Dungeon
  2477 | D:5      | Found a hazy altar of Hepliaklqana.
  2477 | D:5      | Found a basalt altar of Yredelemnul.
  2478 | D:5      | Found a shimmering blue altar of Sif Muna.
  2716 | D:5      | Reached skill level 9 in Unarmed Combat
  3231 | D:5      | Found a bloodstained altar of Trog.
  3289 | D:5      | Reached XP level 8. HP: 74/74 MP: 7/7
  3684 | D:6      | Reached skill level 10 in Unarmed Combat
  4231 | D:6      | Reached skill level 11 in Unarmed Combat
  4645 | D:7      | Found a sacrificial altar of Ru.
  4843 | D:7      | Found a staircase to the Ecumenical Temple.
  4849 | Temple   | Entered the Ecumenical Temple
  4978 | Temple   | Became a worshipper of the Wu Jian Council
  4978 | Temple   | Reached * piety under Wu Jian
  4978 | Temple   | Reached ** piety under Wu Jian
  5131 | D:8      | Noticed Maggie
  5142 | D:8      | Killed Maggie
  5143 | D:8      | Reached skill level 12 in Unarmed Combat
  5143 | D:8      | Reached XP level 9. HP: 40/80 MP: 8/8
  5285 | D:8      | Noticed Maurice
  5296 | D:8      | Killed Maurice
  5324 | D:8      | Reached skill level 13 in Unarmed Combat
  5763 | D:8      | Noticed Pikel
  5772 | D:8      | Killed Pikel
  5832 | D:8      | Reached skill level 14 in Unarmed Combat
  6116 | D:8      | Noticed Grum
  6120 | D:8      | Reached XP level 10. HP: 81/88 MP: 9/9
  6130 | D:8      | Killed Grum
  6219 | D:9      | Found Boadgh's Antique Armour Shop.
  6238 | D:9      | Bought a fine cloak for 275 gold pieces
  6238 | D:9      | Identified the +1 cloak "Wyahiug" {rElec Str+3 Int-4 Dex+3}
                  | (You bought it in a shop on level 9 of the Dungeon)
  6279 | D:9      | Found Pypagisch's Armour Shoppe.
  6294 | D:9      | Found a staircase to the Lair.
  6294 | D:9      | Noticed an elephant
  6319 | D:9      | Mangled by a shadow

Illustrated notes

Levels and vault maps discovered:
D:1:      dpeg_arrival_court, layout_loops_cross, serial_shops, shop_fountains
D:2:      layout_basic
D:3:      layout_loops_cross, uniq_jessica
D:4:      layout_rooms
D:5:      layout_basic, nicolae_overflow_hidden_temple
D:6:      layout_basic, supply_closet_lemuel
D:7:      layout_cave_pools, minmay_temple_entry_fiery,
          nicolae_ru_the_path_less_chosen
D:8:      mumra_celtic_spiral_tile, layout_basic, uniq_maurice, uniq_pikel,
          uniq_grum, uniq_maggie
D:9:      layout_cave_pools, david_lair_generic, basic_altar, serial_shops,
          shop_fountains, nicolae_shop_trees, shop, nicolae_shop_behind_doors,
          shop
Temple:   minmay_crystal_spiral_temple

Skill      XL: |  1  2  3  4  5  6  7  8  9 |
---------------+----------------------------+-----
Unarmed Combat | 4 5 7 8 9 12 14 | 14.5
Fighting       | |  2.4
Dodging        | |  2.4
Stealth        | |  1.0

Action                   |  1- 3 |  4- 6 |  7- 9 | 10-12 || total
-------------------------+-------+-------+-------+-------++-------
Melee: Unarmed           |    83 |    92 |   186 |    49 ||   410
       Punch             |     1 |     3 |     5 |     2 ||    11
Throw: Stone             |     2 |    67 |    83 |       ||   152
       Boomerang         |       |       |    57 |     1 ||    58
Invok: Lunge             |       |       |     3 |     3 ||     6
       Whirlwind         |       |       |     4 |    27 ||    31
 Abil: Wall Jump         |       |       |     1 |     1 ||     2
  Use: Scroll            |     1 |     5 |     3 |     1 ||    10
 Stab: Sleeping          |     2 |       |       |       ||     2
Armor: Robe              |    15 |    15 |    12 |       ||    42
       Swamp dragon scal |       |       |    19 |    51 ||    70
Dodge: Dodged            |    25 |    38 |    50 |    18 ||   131
Block: Other             |       |     5 |    23 |    13 ||    41
       Reflection        |       |       |     2 |       ||     2

Table legend: (Time is in decaauts)
 A = Elapsed time spent in this place.
 B = Non-inter-level travel time spent in this place.
 C = Inter-level travel time spent in this place.
 D = Time resting spent in this place.
 E = Time spent auto-exploring this place.
 F = Levels seen in this place.
 G = Mean time per level.
                   A        B        C        D        E       F      G
               +--------+--------+--------+--------+--------+-----+--------+
         Total |   6303 |   6043 |    260 |      4 |   5077 |  10 |  630.3 |
       Dungeon |   6088 |   5914 |    174 |      4 |   4950 |   9 |  676.4 |
        Temple |    214 |    129 |     85 |      0 |    127 |   1 |  214.0 |
               +--------+--------+--------+--------+--------+-----+--------+

Top non-repeatable levels by time:
     D:5: 1327 daAuts
     D:8: 1072 daAuts
     D:1: 708 daAuts
     D:6: 707 daAuts
     D:3: 675 daAuts
     D:7: 554 daAuts
     D:4: 473 daAuts
     D:2: 468 daAuts
  Temple: 214 daAuts
     D:9: 100 daAuts
